| TOP OF THE 1ST |
|
West Michigan Whitecaps batting - Pitching for Bowling Green Hot Rods : RHP Angelo Mora
|
|
Pitching: RHP Angelo Mora
|
|
|
Batting: SHB Willie Medina
|
0-0: Ball 1-0: Foul Ball, location: 2F 1-1: Foul Ball, location: 2F 1-2: Strikes out swinging
|
|
Batting: LHB George Moran
|
0-0: Called Strike 0-1: Ball 1-1: SINGLE (Groundball, 25, EV 71.9 MPH) (infield hit)
|
|
Batting: LHB Dave Carlisle
|
0-0: Called Strike George Moran steals 2nd base (no throw) 0-1: Called Strike 0-2: Foul Ball, location: 2F 0-2: Foul Ball, location: 2F 0-2: Ball 1-2: Ground out 4-3 (Groundball, 4, EV 86.2 MPH) George Moran to third
|
|
Batting: LHB Brad Gaskill
|
0-0: Ball 1-0: Ball 2-0: Ball 3-0: Base on Balls
|
|
Batting: RHB Jon Goldstein
|
0-0: Swinging Strike 0-1: Fly out, F7 (Line Drive, 7S, EV 100.6 MPH)
|
| Top of the 1st over - 0 runs, 1 hit, 0 errors, 2 left on base; West Michigan 0 - Bowling Green 0 |
| BOTTOM OF THE 1ST |
|
Bowling Green Hot Rods batting - Pitching for West Michigan Whitecaps : LHP Jim Daum
|
|
Pitching: LHP Jim Daum
|
|
|
Batting: RHB Isaiah Easter
|
0-0: Called Strike 0-1: Ball 1-1: Ball 2-1: Fly out, F6 (Popup, 6, EV 75.6 MPH)
|
|
Batting: RHB Kunizo Yanagisawa
|
0-0: Called Strike 0-1: Foul Ball, location: 2F 0-2: Ball 1-2: Ball 2-2: Ground out 4-3 (Groundball, 4, EV 82.5 MPH)
|
|
Batting: SHB Wayne Hattan
|
0-0: Ball 1-0: Ball 2-0: Called Strike 2-1: Foul Ball, location: 2F 2-2: Strikes out swinging
|
| Bottom of the 1st over - 0 runs, 0 hits, 0 errors, 0 left on base; West Michigan 0 - Bowling Green 0 |
| TOP OF THE 2ND |
|
West Michigan Whitecaps batting - Pitching for Bowling Green Hot Rods : RHP Angelo Mora
|
|
Batting: RHB German Quiroga
|
0-0: Ball 1-0: Ground out 4-3 (Groundball, 4, EV 85.0 MPH)
|
|
Batting: RHB Scott Carr
|
0-0: DOUBLE (Flyball, 89XD, EV 104.4 MPH)
|
|
Batting: LHB Steve Herrera
|
0-0: Ball 1-0: Swinging Strike Passed Ball! Scott Carr to third 1-1: Foul Ball, location: 2F 1-2: Foul Ball, location: 2F 1-2: Ball 2-2: Fly out, F9 (Flyball, 9LD, EV 104.4 MPH) Runner from 3rd tags up, SCORES, throw by RF
|
|
Batting: RHB Tony Murray
|
0-0: Called Strike 0-1: Ball 1-1: Ground out U3 (Groundball, 34, EV 90.0 MPH)
|
| Top of the 2nd over - 1 run, 1 hit, 0 errors, 0 left on base; West Michigan 1 - Bowling Green 0 |
| BOTTOM OF THE 2ND |
|
Bowling Green Hot Rods batting - Pitching for West Michigan Whitecaps : LHP Jim Daum
|
|
Batting: RHB Adam Turpin
|
0-0: Ball 1-0: Foul Ball, location: 2F 1-1: Foul Ball, location: 2F 1-2: Strikes out swinging
|
|
Batting: RHB Jason Penfield
|
0-0: Called Strike 0-1: Ball 1-1: Fly out, F3 (Popup, 3SF, EV 66.9 MPH)
|
|
Batting: RHB Alex Zamora
|
0-0: Ball 1-0: Fly out, F8 (Flyball, 8RD, EV 106.9 MPH)
|
| Bottom of the 2nd over - 0 runs, 0 hits, 0 errors, 0 left on base; West Michigan 1 - Bowling Green 0 |
| TOP OF THE 3RD |
|
West Michigan Whitecaps batting - Pitching for Bowling Green Hot Rods : RHP Angelo Mora
|
|
Batting: SHB Willie Medina
|
0-0: Called Strike 0-1: Swinging Strike 0-2: Ball 1-2: SOLO HOME RUN (Flyball, 78XD, EV 102.5 MPH), Distance : 392 ft
|
|
Batting: LHB George Moran
|
0-0: Ball 1-0: Called Strike 1-1: Ball 2-1: Ball 3-1: Base on Balls
|
|
Batting: LHB Dave Carlisle
|
0-0: Ball George Moran is caught stealing 2nd base 2-6 1-0: Ball 2-0: Ball 3-0: Foul Ball, location: 2F 3-1: Swinging Strike 3-2: Fly out, F7 (Line Drive, 7S, EV 103.8 MPH)
|
|
Batting: LHB Brad Gaskill
|
0-0: Ball 1-0: SINGLE (Line Drive, 7S, EV 97.5 MPH)
|
|
Batting: RHB Jon Goldstein
|
0-0: Ball 1-0: Ball 2-0: SINGLE (Flyball, 89S, EV 94.4 MPH) Brad Gaskill to second Runner from 2nd tries for 3rd, SAFE, throw by RF made to third
|
|
Batting: RHB German Quiroga
|
0-0: Fly out, F7 (Flyball, 78S, EV 88.8 MPH)
|
| Top of the 3rd over - 1 run, 3 hits, 0 errors, 2 left on base; West Michigan 2 - Bowling Green 0 |
| BOTTOM OF THE 3RD |
|
Bowling Green Hot Rods batting - Pitching for West Michigan Whitecaps : LHP Jim Daum
|
|
Batting: RHB Jim Erdody
|
0-0: Called Strike 0-1: Ball 1-1: Ball 2-1: Called Strike 2-2: Foul Ball, location: 2F 2-2: Fly out, F4 (Line Drive, 4, EV 68.8 MPH)
|
|
Batting: LHB Sean Banks
|
0-0: Called Strike 0-1: Swinging Strike 0-2: Ball 1-2: Ground out 4-3 (Groundball, 4, EV 85.0 MPH)
|
|
Batting: RHB Eric Waugaman
|
0-0: Foul Ball, location: 2F 0-1: Ball 1-1: Called Strike 1-2: Ground out 6-3 (Groundball, 6, EV 77.5 MPH)
|
| Bottom of the 3rd over - 0 runs, 0 hits, 0 errors, 0 left on base; West Michigan 2 - Bowling Green 0 |
| TOP OF THE 4TH |
|
West Michigan Whitecaps batting - Pitching for Bowling Green Hot Rods : RHP Angelo Mora
|
|
Batting: RHB Scott Carr
|
0-0: Ball 1-0: Ball 2-0: Ball 3-0: Base on Balls
|
|
Batting: LHB Steve Herrera
|
0-0: Foul Ball, location: 2F 0-1: Ball Scott Carr is caught stealing 2nd base 2-6 1-1: Foul Ball, location: 2F 1-2: Hit by Pitch
|
|
Batting: RHB Tony Murray
|
0-0: Ball Wild Pitch! Steve Herrera to second 1-0: Ball 2-0: Called Strike 2-1: Swinging Strike 2-2: Strikes out swinging
|
|
Batting: SHB Willie Medina
|
0-0: Ball 1-0: Foul Ball, location: 2F 1-1: Called Strike 1-2: Strikes out swinging
|
| Top of the 4th over - 0 runs, 0 hits, 0 errors, 1 left on base; West Michigan 2 - Bowling Green 0 |
| BOTTOM OF THE 4TH |
|
Bowling Green Hot Rods batting - Pitching for West Michigan Whitecaps : LHP Jim Daum
|
|
Batting: RHB Isaiah Easter
|
0-0: Ball 1-0: Swinging Strike 1-1: Ball 2-1: SINGLE (Groundball, 56D, EV 95.0 MPH)
|
|
Batting: RHB Kunizo Yanagisawa
|
0-0: Called Strike Isaiah Easter is caught stealing 2nd base 2-4 0-1: Ball 1-1: DOUBLE (Flyball, 78XD, EV 108.8 MPH)
|
|
Batting: SHB Wayne Hattan
|
0-0: Swinging Strike 0-1: Ball 1-1: Ground out 6-3 (Groundball, 6S, EV 86.2 MPH) Kunizo Yanagisawa to third
|
|
Batting: RHB Adam Turpin
|
0-0: Fly out, F7 (Flyball, 7, EV 88.1 MPH)
|
| Bottom of the 4th over - 0 runs, 2 hits, 0 errors, 1 left on base; West Michigan 2 - Bowling Green 0 |
| TOP OF THE 5TH |
|
West Michigan Whitecaps batting - Pitching for Bowling Green Hot Rods : RHP Angelo Mora
|
|
Batting: LHB George Moran
|
0-0: Ball 1-0: Swinging Strike 1-1: Foul Ball, location: 2F 1-2: Foul Ball, location: 2F 1-2: Ball 2-2: Foul Ball, location: 2F 2-2: Foul Ball, location: 2F 2-2: Strikes out swinging
|
|
Batting: LHB Dave Carlisle
|
0-0: Ball 1-0: Ball 2-0: Ball 3-0: Base on Balls
|
|
Batting: LHB Brad Gaskill
|
0-0: Fly out, F7 (Flyball, 7S, EV 85.0 MPH)
|
|
Batting: RHB Jon Goldstein
|
0-0: 2-RUN HOME RUN (Flyball, 78XD, EV 96.9 MPH), Distance : 391 ft
|
|
Batting: RHB German Quiroga
|
0-0: Called Strike 0-1: Foul Ball, location: 2F 0-2: Ball 1-2: Ball 2-2: Ground out U3 (Groundball, 34D, EV 101.2 MPH)
|
| Top of the 5th over - 2 runs, 1 hit, 0 errors, 0 left on base; West Michigan 4 - Bowling Green 0 |
| BOTTOM OF THE 5TH |
|
Bowling Green Hot Rods batting - Pitching for West Michigan Whitecaps : LHP Jim Daum
|
|
Batting: RHB Jason Penfield
|
0-0: Fly out, F8 (Line Drive, 78M, EV 98.1 MPH)
|
|
Batting: RHB Alex Zamora
|
0-0: Ground out 5-3 (Groundball, 56, EV 101.9 MPH)
|
|
Batting: RHB Jim Erdody
|
0-0: Foul Ball, location: 2F 0-1: Ball 1-1: Ball 2-1: Fly out, F9 (Line Drive, 9, EV 90.0 MPH)
|
| Bottom of the 5th over - 0 runs, 0 hits, 0 errors, 0 left on base; West Michigan 4 - Bowling Green 0 |
| TOP OF THE 6TH |
|
West Michigan Whitecaps batting - Pitching for Bowling Green Hot Rods : RHP Angelo Mora
|
|
Batting: RHB Scott Carr
|
0-0: Swinging Strike 0-1: Ball 1-1: Swinging Strike 1-2: Ball 2-2: Ball 3-2: Foul Ball, location: 2F 3-2: Base on Balls
|
|
Batting: LHB Steve Herrera
|
0-0: Called Strike 0-1: Called Strike 0-2: Foul Ball, location: 2F 0-2: Foul Ball, location: 2F 0-2: Foul Ball, location: 2F 0-2: Strikes out swinging
|
|
Batting: RHB Tony Murray
|
0-0: Called Strike 0-1: Grounds into double play, 5-4-3 (Groundball, 56S, EV 87.5 MPH)
|
| Top of the 6th over - 0 runs, 0 hits, 0 errors, 0 left on base; West Michigan 4 - Bowling Green 0 |
| BOTTOM OF THE 6TH |
|
Bowling Green Hot Rods batting - Pitching for West Michigan Whitecaps : LHP Jim Daum
|
|
Batting: LHB Sean Banks
|
0-0: Called Strike 0-1: Ground out 4-3 (Groundball, 4, EV 84.4 MPH)
|
|
Batting: RHB Eric Waugaman
|
0-0: Ground out 6-3 (Groundball, 6, EV 85.0 MPH)
|
|
Batting: RHB Isaiah Easter
|
0-0: Ball 1-0: Foul Ball, location: 2F 1-1: Foul Ball, location: 2F 1-2: Strikes out swinging
|
| Bottom of the 6th over - 0 runs, 0 hits, 0 errors, 0 left on base; West Michigan 4 - Bowling Green 0 |
| TOP OF THE 7TH |
|
West Michigan Whitecaps batting - Pitching for Bowling Green Hot Rods : RHP Angelo Mora
|
|
Batting: SHB Willie Medina
|
0-0: SINGLE (Groundball, 4MD, EV 95.6 MPH)
|
|
Pitching: RHP Andres Morales
|
|
|
Batting: LHB George Moran
|
0-0: Bunted foul 0-1: Bunted foul 0-2: Ball 1-2: 2-RUN HOME RUN (Flyball, 89XD, EV 97.5 MPH), Distance : 378 ft
|
|
Batting: LHB Dave Carlisle
|
0-0: Called Strike 0-1: Ball 1-1: Ball 2-1: Foul Ball, location: 2F 2-2: Foul Ball, location: 2F 2-2: SOLO HOME RUN (Flyball, 9D, EV 96.9 MPH), Distance : 369 ft
|
|
Batting: LHB Brad Gaskill
|
0-0: Called Strike 0-1: Called Strike 0-2: Ball 1-2: Ball 2-2: Foul Ball, location: 2F 2-2: Foul Ball, location: 2F 2-2: Foul Ball, location: 2F 2-2: Ball 3-2: Base on Balls
|
|
Batting: RHB Jon Goldstein
|
0-0: Called Strike 0-1: Swinging Strike 0-2: Ball 1-2: Strikes out swinging
|
|
Batting: RHB German Quiroga
|
0-0: Ball 1-0: Foul Ball, location: 2F 1-1: Swinging Strike 1-2: Strikes out swinging
|
|
Batting: RHB Scott Carr
|
0-0: Ball 1-0: Called Strike 1-1: Foul Ball, location: 2F 1-2: Ball Wild Pitch! Brad Gaskill to second 2-2: Ground out 5-3 (Groundball, 56, EV 80.6 MPH)
|
| Top of the 7th over - 3 runs, 3 hits, 0 errors, 1 left on base; West Michigan 7 - Bowling Green 0 |
| BOTTOM OF THE 7TH |
|
Bowling Green Hot Rods batting - Pitching for West Michigan Whitecaps : LHP Jim Daum
|
|
Pinch Hitting: RHB Chris Glavin
|
0-0: Ball 1-0: Foul Ball, location: 2F 1-1: Ball 2-1: Swinging Strike 2-2: Foul Ball, location: 2F 2-2: Reached on error, E5 (Groundball, 56, EV 91.9 MPH)
|
|
Batting: SHB Wayne Hattan
|
0-0: Swinging Strike 0-1: Foul Ball, location: 2F 0-2: Ball 1-2: Foul Ball, location: 2F 1-2: Ball 2-2: Ball 3-2: Foul Ball, location: 2F 3-2: Strikes out swinging Chris Glavin steals 2nd base (no throw) Batter strikes out.
|
|
Batting: RHB Adam Turpin
|
0-0: Called Strike 0-1: SINGLE (Groundball, 34D, EV 95.6 MPH) Chris Glavin to third
|
|
Batting: RHB Jason Penfield
|
0-0: Foul Ball, location: 2F 0-1: Ball 1-1: Ball 2-1: Foul Ball, location: 2F 2-2: SINGLE (Line Drive, 7S, EV 96.2 MPH) Chris Glavin scores Adam Turpin to second
|
|
Batting: RHB Alex Zamora
|
0-0: Called Strike 0-1: Ball 1-1: Ball 2-1: Swinging Strike 2-2: Ball 3-2: Strikes out swinging
|
|
Batting: RHB Jim Erdody
|
0-0: Called Strike 0-1: Ball 1-1: Fielders Choice at 2nd, 6-4 (Groundball, 6, EV 85.0 MPH)
|
| Bottom of the 7th over - 1 run, 2 hits, 1 error, 2 left on base; West Michigan 7 - Bowling Green 1 |
| TOP OF THE 8TH |
|
West Michigan Whitecaps batting - Pitching for Bowling Green Hot Rods : RHP Andres Morales
|
|
Now in LF: Jesse Haddad
|
|
|
Batting: LHB Steve Herrera
|
0-0: Ball 1-0: Foul Ball, location: 2F 1-1: Foul Ball, location: 2F 1-2: Strikes out swinging
|
|
Batting: RHB Tony Murray
|
0-0: Ground out U3 (Groundball, 3S, EV 85.0 MPH)
|
|
Batting: SHB Willie Medina
|
0-0: Ground out 6-3 (Groundball, 6, EV 103.8 MPH)
|
| Top of the 8th over - 0 runs, 0 hits, 0 errors, 0 left on base; West Michigan 7 - Bowling Green 1 |
| BOTTOM OF THE 8TH |
|
Bowling Green Hot Rods batting - Pitching for West Michigan Whitecaps : LHP Jim Daum
|
|
Batting: LHB Sean Banks
|
0-0: Ball 1-0: Foul Ball, location: 2F 1-1: SINGLE (Flyball, 34D, EV 84.4 MPH)
|
|
Batting: RHB Eric Waugaman
|
0-0: Fly out, F4 (Popup, 23, EV 86.2 MPH)
|
|
Batting: RHB Isaiah Easter
|
0-0: SINGLE (Line Drive, 9LS, EV 88.1 MPH) Sean Banks to second Runner from 2nd tries for 3rd, SAFE, throw by RF made to third
|
|
Batting: RHB Jesse Haddad
|
0-0: SINGLE (Line Drive, 7LM, EV 103.1 MPH) Sean Banks scores Isaiah Easter to second
|
|
Batting: SHB Wayne Hattan
|
0-0: Foul Ball, location: 2F 0-1: Fly out, F8 (Flyball, 8LD, EV 86.9 MPH) Runner from 2nd tags up, SAFE at 3rd with throw by CF
|
|
Batting: RHB Adam Turpin
|
0-0: Called Strike 0-1: Ball 1-1: Ball 2-1: Ball 3-1: Swinging Strike 3-2: Foul Ball, location: 2F 3-2: SINGLE (Groundball, 4MD, EV 105.6 MPH) (infield hit) Isaiah Easter scores Jesse Haddad to second
|
|
Pitching: LHP Jesse Turner
|
|
|
Batting: RHB Jason Penfield
|
0-0: SINGLE (Line Drive, 8RS, EV 91.9 MPH) Jesse Haddad to third Adam Turpin to second Throwing error, E8 Jesse Haddad scores Adam Turpin to third Jason Penfield to second
|
|
Batting: RHB Alex Zamora
|
0-0: Ground out 4-3 (Groundball, 4S, EV 72.5 MPH)
|
| Bottom of the 8th over - 3 runs, 5 hits, 1 error, 2 left on base; West Michigan 7 - Bowling Green 4 |
| TOP OF THE 9TH |
|
West Michigan Whitecaps batting - Pitching for Bowling Green Hot Rods : RHP Andres Morales
|
|
Pitching: LHP Ryan Folks
|
|
|
Batting: LHB George Moran
|
0-0: Called Strike 0-1: Ball 1-1: Foul Ball, location: 2F 1-2: Fly out, F7 (Flyball, 7D, EV 96.9 MPH)
|
|
Batting: LHB Dave Carlisle
|
0-0: Ball 1-0: Foul Ball, location: 2F 1-1: Ball 2-1: Foul Ball, location: 2F 2-2: Ground out 6-3 (Groundball, 6M, EV 86.2 MPH)
|
|
Batting: LHB Brad Gaskill
|
0-0: Ball 1-0: Ball 2-0: Foul Ball, location: 2F 2-1: Called Strike 2-2: Strikes out swinging
|
| Top of the 9th over - 0 runs, 0 hits, 0 errors, 0 left on base; West Michigan 7 - Bowling Green 4 |
| BOTTOM OF THE 9TH |
|
Bowling Green Hot Rods batting - Pitching for West Michigan Whitecaps : LHP Jesse Turner
|
|
Pitching: RHP Tony Kepp
|
|
|
Batting: RHB Jim Erdody
|
0-0: Ball 1-0: SINGLE (Line Drive, 8RS, EV 98.8 MPH)
|
|
Batting: LHB Sean Banks
|
0-0: Swinging Strike 0-1: Swinging Strike 0-2: Ball 1-2: Ball 2-2: Foul Ball, location: 2F 2-2: Ball 3-2: Strikes out swinging
|
|
Pinch Hitting: LHB Mario Ocana
|
0-0: Foul Ball, location: 2F 0-1: Ball 1-1: Swinging Strike 1-2: Grounds into double play, 4-6-3 (Groundball, 4, EV 91.2 MPH)
|
| Bottom of the 9th over - 0 runs, 1 hit, 0 errors, 0 left on base; West Michigan 7 - Bowling Green 4 |
|